 Dungeon Crawl Stone Soup version 0.28.0 (webtiles) character file.

Game seed: 15597112861063777883

2 SnakkuSnakku7 the Digger (level 1, -1/10 HPs)
             Began as a Tengu Earth Elementalist on Feb 10, 2022.
             Slain by a giant cockroach (2 damage)
             ... on level 2 of the Dungeon.
             The game lasted 00:00:25 (91 turns).

SnakkuSnakku7 the Digger (Tengu Earth Elementalist)   Turns: 91, Time: 00:00:26

Health: -1/10      AC:  2    Str:  8    XL:     1   Next: 30%
Magic:  1/4        EV: 12    Int: 15    God:
Gold:   15         SH:  0    Dex: 14    Spells: 3/4 levels left

rFire   . . .      SeeInvis .   (no weapon)
rCold   . . .      Faith    .   (no shield)
rNeg    . . .      Spirit   .   b - +0 robe
rPois   .          Reflect  .   (helmet restricted)
rElec   .          Harm     .   (no cloak)
rCorr   .          Rampage  .   (no gloves)
Will    .....                   (boots unavailable)
Stlth   ++........              (no amulet)
HPRegen 0.03/turn               (no ring)
MPRegen 0.09/turn               (no ring)

@: no status effects
A: beak, talons 3
a: no special abilities


You were on level 2 of the Dungeon.
You visited 1 branch of the dungeon, and saw 2 of its levels.

You collected 15 gold pieces.

Inventory:

Missiles
 c - 22 stones
Armour
 b - a +0 robe (worn)


   Skills:
 - Level 2.1 Dodging
 - Level 2.0 Stealth
 - Level 2.0 Spellcasting
 - Level 0.7 Transmutations
 + Level 2.3 Earth Magic


You had 3 spell levels left.
You knew the following spells:

 Your Spells              Type           Power      Damage    Failure   Level
a - Sandblast             Erth           16%        2d6       9%          1

Your spell library contained the following spells:

 Spells                   Type           Power      Damage    Failure   Level
 Passwall                 Tmut/Erth      5%         N/A       19%         2
 Stone Arrow              Conj/Erth      8%         3d7       38%         3
 Petrify                  Tmut/Erth      6%         N/A       75%         4


Dungeon Overview and Level Annotations

Branches:
Dungeon (2/15)

Altars:


Innate Abilities, Weirdness & Mutations

You have a beak for a mouth.
You have claws for feet.


Message History

The bat closely misses you.
There is a stone staircase leading down here.
The bat misses you. The bat closely misses you.
The giant cockroach bites you but does no damage.
You climb downwards.
There is a stone staircase leading up here.
Aiming: Sandblast (safe; 9% risk of failure)
Press: ? - help, Q - select action, (/) - cycle Shift-Dir - straight line, f - giant cockroach
Aim: a giant cockroach (78% to hit)
The blast of sand hits the giant cockroach but does no damage.
The bat closely misses you. The giant cockroach barely misses you.
Unknown command.
Aiming: Sandblast (safe; 9% risk of failure)
Press: ? - help, Q - select action, (/) - cycle Shift-Dir - straight line, f/p - giant cockroach
Aim: a giant cockroach (78% to hit)
The blast of sand hits the giant cockroach.
The giant cockroach is lightly wounded.
The giant cockroach bites you. The bat closely misses you.
The giant cockroach misses you.
You hit the giant cockroach but do no damage.
You peck the giant cockroach, but do no damage.
The giant cockroach is lightly wounded.
The bat barely misses you.
The giant cockroach bites you but does no damage.
You hit the giant cockroach. Your kick misses the giant cockroach.
The giant cockroach is moderately wounded.
The bat hits you but does no damage. The giant cockroach bites you.
You barely miss the giant cockroach. Your kick misses the giant cockroach.
Your peck misses the giant cockroach. You punch the giant cockroach.
The giant cockroach is severely wounded.
The bat hits you but does no damage. The giant cockroach barely misses you.
The rat bites you.
* * * LOW HITPOINT WARNING * * *
Aiming: Sandblast (safe; 9% risk of failure)
Press: ? - help, Q - select action, (/) - cycle Shift-Dir - straight line, f - rat, p - giant cockroach
Aim: a rat (78% to hit)
The blast of sand hits the rat!
You kill the rat!
The bat hits you but does no damage. The giant cockroach bites you.
You die...

#########
#@B......
#b†......
.........
#.........
#.........
#.........
#...#.#...
#.........


You could see a giant cockroach and a bat.

Vanquished Creatures
  A bat (D:1)
  3 rats
4 creatures vanquished.

Notes
Turn   | Place    | Note
-------+----------+-------------------------------------------
     0 | D:1      | SnakkuSnakku7 the Tengu Earth Elementalist began the quest
                  | for the Orb.
     0 | D:1      | Reached XP level 1. HP: 10/10 MP: 4/4
    91 | D:2      | Slain by a giant cockroach

Illustrated notes

Levels and vault maps discovered:
D:1:      lemuel_arrival_rhombus, layout_rooms, serial_shops,
          nicolae_shop_crystal, dreamdust_ecumenical_altar_drowned_temple
D:2:      layout_rooms, serial_shops, nicolae_shop_advertising_works
          [nicolae_subvault_shop_adworks]

Action                   || total
-------------------------++-------
Melee: Unarmed           ||     7
       Kick              ||     2
       Peck              ||     1
       Punch             ||     1
 Cast: Sandblast         ||     8
Armor: Robe              ||    14
Dodge: Dodged            ||    31
